 Dungeon Crawl Stone Soup version 0.23.2-33-g5129a83184 (webtiles) character file.

Game seed: 12314198981178857559

219 H0rd4k the Charlatan (level 6, 0/44 HPs)
             Began as a Human Artificer on July 25, 2019.
             Slain by an orc
             ... wielding a +0 trident
              (10 damage)
             ... on level 6 of the Dungeon.
             The game lasted 00:07:38 (4902 turns).

H0rd4k the Charlatan (Human Artificer)              Turns: 4902, Time: 00:07:38

Health: 0/44       AC:  6    Str: 14    XL:     6   Next: 17%
Magic:  8/8        EV: 13    Int: 11    God:
Gold:   149        SH:  0    Dex: 14    Spells: 5/5 levels left

rFire    . . .     SeeInvis .   a - +0 short sword
rCold    . . .     Gourm    .   (no shield)
rNeg     . . .     Faith    +   h - +0 leather armour (curse)
rPois    .         Spirit   .   u - +0 helmet
rElec    .         Reflect  .   (no cloak)
rCorr    .         Harm     .   t - +1 pair of gloves
MR       .....                  (no boots)
Stlth    ++........             p - amulet of faith
HPRegen  0.14/turn              q - ring of flight
MPRegen  0.11/turn              (no ring)

@: no status effects
A: no striking features
a: Evoke Flight


You were on level 6 of the Dungeon.
You were hungry.

You visited 1 branch of the dungeon, and saw 7 of its levels.

You collected 149 gold pieces.

Inventory:

Hand Weapons
 a - a +0 short sword (weapon)
Missiles
 s - 29 poisoned needles
Armour
 b - a +1 leather armour
 h - a cursed +0 leather armour (worn)
 t - a +1 pair of gloves (worn)
 u - a +0 helmet (worn)
Jewellery
 p - an amulet of faith (around neck)
 q - a ring of flight (left hand)
Wands
 c - a wand of flame (14)
 d - a wand of enslavement (14)
 e - a wand of random effects (14)
Scrolls
 g - 3 scrolls of enchant armour
 i - a scroll of teleportation {unknown}
 k - a scroll of noise {unknown}
 l - a scroll of identify {unknown}
 m - 3 scrolls of enchant weapon {unknown}
 r - 2 scrolls of blinking {unknown}
Potions
 j - 2 potions of degeneration {unknown}
 n - 2 potions of brilliance {unknown}
 o - a potion of lignification {unknown}
Comestibles
 f - 5 rations


   Skills:
 + Level 1.9 Fighting
 + Level 2.7 Short Blades
 + Level 2.5 Armour
 + Level 3.3 Dodging
 + Level 1.5 Stealth
 + Level 3.5 Evocations


You had 5 spell levels left.
You didn't know any spells.
Your spell library was empty.

Dungeon Overview and Level Annotations

Branches:
Dungeon (7/15)
 Temple: D:4-7

Altars:
Fedhas
Wu Jian
Yredelemnul
Zin

Shops:
D:7 *

Annotations:
D:1 exclusion: downstairs
D:2 exclusion: downstairs
D:3 exclusions: downstairs and 2 orc warriors
D:4 exclusion: downstairs


Message History

The orc warrior hits you but does no damage.
The orc closely misses you.
Evoke which item? (* to show all) (? for menu, Esc to quit)
Aiming: Enslavement
Press: ? - help, Shift-Dir - straight line, f - orc warrior
Aim: an orc warrior, wielding a +0 trident and wearing a +0 chain mail (chance to defeat MR: 56%)
The orc warrior is charmed.
The orc completely misses you.
Your orc warrior closely misses the orc.
The phantom hits your orc warrior but does no damage.
What are your orders? t - Shout!
Orders for allies: a - Attack new target. p - Attack previous target. r - Retreat! s - Stop attacking. g - Guard the area. f - Follow me.
Anything else - Cancel.
Gang up on whom?
Press: ? - help, Dir - move target cursor, f - orc, p - orc warrior
Aim: an orc, wielding a +0 trident and wearing a +0 leather armour (heavily wounded) Attack!
The orc hits you with a +0 trident!
You die...

#.# #.#
#.# #.#
#.# #.# ##
#.# ..
#o##.##...
#@oW......
####......
#####


You could see a phantom, an orc and a friendly orc warrior.

Vanquished Creatures
  A hound (D:5)
  A bullfrog skeleton (D:4)
  6 adders
  2 oozes
  A worm (D:4)
  A dart slug (D:3)
  2 leopard geckos (D:2)
  3 orcs
  3 ball pythons
  6 bats
  6 giant cockroaches
  10 hobgoblins
  8 jackals
  A quokka (D:4)
  4 frilled lizards
  11 goblins
  12 kobolds
  5 rats
83 creatures vanquished.

Notes
Turn   | Place    | Note
-------+----------+-------------------------------------------
     0 | D:1      | H0rd4k the Human Artificer began the quest for the Orb.
     0 | D:1      | Reached XP level 1. HP: 15/15 MP: 3/3
   193 | D:1      | Reached XP level 2. HP: 16/21 MP: 4/4
   430 | D:1      | Reached XP level 3. HP: 18/26 MP: 5/5
  1113 | D:2      | Reached skill level 1 in Armour
  1113 | D:2      | Reached XP level 4. HP: 22/32 MP: 6/6
  2232 | D:2      | Reached XP level 5. HP: 13/37 MP: 7/7
  2754 | D:3      | Found a glowing silver altar of Zin.
  2757 | D:3      | Found an ornate altar of the Wu Jian Council.
  2760 | D:3      | Found a blossoming altar of Fedhas.
  4152 | D:5      | Entered Level 5 of the Dungeon
  4152 | D:5      | Found a basalt altar of Yredelemnul.
  4152 | D:5      | Noticed an orc warrior
  4659 | D:4      | Reached XP level 6. HP: 39/44 MP: 8/8
  4890 | D:6      | Noticed a phantom
  4893 | D:7      | Found Xeqymege's Assorted Antiques.
  4893 | D:7      | Noticed an orc warrior
  4902 | D:6      | Slain by an orc

Skill      XL: |  1  2  3  4  5  6 |
---------------+-------------------+-----
Armour         | 1 2 |  2.5
Short Blades   | 2 |  2.7
Dodging        | 3 |  3.3
Fighting       | |  1.9
Stealth        | |  1.5
Evocations     | |  3.5

Action                   |  1- 3 |  4- 6 || total
-------------------------+-------+-------++-------
Melee: Short sword       |   196 |   315 ||   511
Evoke: Wand              |       |     3 ||     3
  Use: Scroll            |     3 |       ||     3
       Potion            |       |     2 ||     2
 Stab: Sleeping          |     1 |     1 ||     2
  Eat: Chunk             |     1 |     8 ||     9
       Ration            |       |     1 ||     1
Armor: Leather armour    |    38 |    93 ||   131
       Plate armour      |    73 |       ||    73
Dodge: Dodged            |   138 |   227 ||   365
